 Dungeon Crawl Stone Soup version 0.22.1-2-g9c5b331 (webtiles) character file.

177 doot the Bolt Thrower (level 5, -4/31 HPs)
             Began as a Tengu Hunter on Jan 6, 2019.
             Slain by an ogre
             ... wielding a cursed -1 giant club
              (20 damage)
             ... on level 4 of the Dungeon.
             The game lasted 00:06:34 (2521 turns).

doot the Bolt Thrower (Tengu Hunter)                Turns: 2521, Time: 00:06:35

Health: -4/31      AC:  6    Str: 13    XL:     5   Next: 57%
Magic:  6/6        EV: 13    Int: 12    God:
Gold:   72         SH:  0    Dex: 18    Spells: 4/4 levels left

rFire    . . .     SeeInvis .   a - +2 hand crossbow
rCold    . . .     Gourm    .   (no shield)
rNeg     . . .     Faith    .   c - +0 leather armour
rPois    .         Spirit   .   (helmet restricted)
rElec    .         Reflect  .   (no cloak)
rCorr    .         Harm     .   g - +2 pair of gloves
MR       .....                  (boots unavailable)
Stlth    ++........             (no amulet)
HPRegen  0.10/turn              t - +4 ring of dexterity
MPRegen  0.10/turn              (no ring)

@: no status effects
A: beak, talons 3, able to fly 1
a: Fly


You were on level 4 of the Dungeon.
You were hungry.

You visited 1 branch of the dungeon, and saw 4 of its levels.

You collected 72 gold pieces.

Inventory:

Hand Weapons
 a - a +2 hand crossbow (weapon)
 b - a +0 short sword
Missiles
 d - 19 bolts (quivered)
Armour
 c - a +0 leather armour (worn)
 g - a +2 pair of gloves (worn)
Jewellery
 t - a +4 ring of dexterity (left hand)
Wands
 s - a wand of acid (9)
 w - a wand of iceblast (11)
Scrolls
 h - a scroll of magic mapping {unknown}
 k - 2 scrolls of identify {unknown}
 p - a scroll of blinking {unknown}
 q - 4 scrolls of teleportation {unknown}
 r - a scroll of fear {unknown}
 u - 3 scrolls of remove curse
Potions
 e - a potion of might {unknown}
 i - 2 potions of curing {unknown}
 j - a potion of haste {unknown}
 l - 3 potions of flight {unknown}
 m - 2 potions of mutation {unknown}
 n - a potion of heal wounds {unknown}
 o - 3 potions of brilliance {unknown}
 v - a potion of magic {unknown}
Comestibles
 f - 6 rations


   Skills:
 + Level 2.5 Fighting
 + Level 1.7 Short Blades
 + Level 6.1 Crossbows
 + Level 2.0 Armour
 + Level 2.5 Dodging
 + Level 1.1 Stealth


You had 4 spell levels left.
You didn't know any spells.
Your spell library was empty.

Dungeon Overview and Level Annotations

Branches:
Dungeon (4/15)             Temple (0/1) D:4

Altars:
Dithmenos
Makhleb
Trog
Yredelemnul


Innate Abilities, Weirdness & Mutations

You have a beak for a mouth.
You have claws for feet.
You can fly.


Message History

Firing (i - inventory)
d - 22 bolts (quivered)
Press: ? - help, Shift-Dir - straight line, f/p - ogre
Aim: an ogre, wielding a giant club (moderately wounded)
You shoot a bolt. The bolt hits the ogre!
The ogre is heavily wounded.
Firing (i - inventory)
d - 21 bolts (quivered)
Press: ? - help, Shift-Dir - straight line, f/p - ogre
Aim: an ogre, wielding a giant club (heavily wounded)
You shoot a bolt. The bolt hits the ogre.
The ogre is severely wounded.
The ogre hits you with a giant club!
Things that are here:
a robe; a dagger Firing (i - inventory)
d - 20 bolts (quivered)
Press: ? - help, Shift-Dir - straight line, f/p - ogre
Aim: an ogre, wielding a giant club (severely wounded)
You shoot a bolt. The bolt completely misses the ogre.
The ogre hits you with a giant club!!
Ouch! That really hurt!
You die...

####....# ###......(#
##.......#.#
#......###.# ##...####
#(# #...## #(# ##...#
#.# ####...## #O#
##.(....# #@#
.......## #[###
.....### #...# .#####
#<#.#
################'#'###
#...........)......#
#..................#
#......[.<.........#
####........##+#####


You could see an ogre.

Vanquished Creatures
  2 orc wizards (D:4)
  4 adders
  An ooze (D:3)
  A worm (D:2)
  A dart slug (D:3)
  2 leopard geckos (D:3)
  6 orcs
  4 giant cockroaches
  8 goblins
  7 hobgoblins
  6 jackals
  6 kobolds
  3 quokkas
  7 bats
  5 frilled lizards
  6 rats
69 creatures vanquished.

Notes
Turn   | Place    | Note
-------+----------+-------------------------------------------
     0 | D:1      | doot the Tengu Hunter began the quest for the Orb.
     0 | D:1      | Reached XP level 1. HP: 12/12 MP: 2/2
    87 | D:1      | Reached XP level 2. HP: 17/17 MP: 3/3
   363 | D:1      | Reached skill level 5 in Crossbows
   415 | D:1      | Reached XP level 3. HP: 18/21 MP: 4/4
   612 | D:2      | Reached skill level 1 in Short Blades
   740 | D:2      | Found a shadowy altar of Dithmenos.
  1426 | D:2      | Reached XP level 4. HP: 22/27 MP: 5/5
  1705 | D:3      | Found a burning altar of Makhleb.
  1706 | D:3      | Found a basalt altar of Yredelemnul.
  1784 | D:3      | Reached skill level 1 in Armour
  2045 | D:3      | Found a bloodstained altar of Trog.
  2247 | D:4      | Gained mutation: You can fly. [Tengu growth]
  2247 | D:4      | Reached XP level 5. HP: 29/31 MP: 6/6
  2316 | D:4      | Found a staircase to the Ecumenical Temple.
  2406 | D:4      | Reached skill level 6 in Crossbows
  2500 | D:4      | Noticed an ogre
  2521 | D:4      | Slain by an ogre

Skill      XL: |  1  2  3  4  5 |
---------------+----------------+-----
Crossbows      | 5 6 |  6.1
Short Blades   | 1 |  1.7
Armour         | 1 2 |  2.0
Fighting       | |  2.5
Dodging        | |  2.5
Stealth        | |  1.1

Action                   |  1- 3 |  4- 6 || total
-------------------------+-------+-------++-------
Melee: Short sword       |    66 |    23 ||    89
       Kick              |     8 |     7 ||    15
       Peck              |     6 |     4 ||    10
 Fire: Hand crossbow     |    58 |    56 ||   114
  Use: Scroll            |     3 |       ||     3
  Eat: Chunk             |       |     4 ||     4
Armor: Leather armour    |    33 |     8 ||    41
Dodge: Dodged            |    58 |    24 ||    82
